 Dungeon Crawl Stone Soup version 0.30.1-4-g462c640d31 (webtiles) character file.

Game seed: 5405323929830884116

1472 hawla the Firebug (level 9, -5/67 HPs)
             Began as a Meteoran Fire Elementalist on Aug 15, 2023.
             Was a Follower of Vehumet.
             Killed by vampiric draining
             ... invoked by middlethird's ghost
              (22 damage)
             ... on level 7 of the Dungeon.
             The game lasted 00:10:39 (2780 turns).

hawla the Firebug (Meteoran Fire Elementalist)      Turns: 2780, Time: 00:10:40

Health: -5/67      AC:  3    Str: 11    XL:     9   Next: 27%
Magic:  9/20       EV: 18    Int: 21    God:    Vehumet [*.....]
Gold:   156        SH:  0    Dex: 14    Spells: 14/21 levels left

rFire   . . .        h - +1 flail
rCold   . . .        (no shield)
rNeg    . . .        a - +0 robe
rPois   .            (no helmet)
rElec   .            (no cloak)
rCorr   .            (no gloves)
SInv    .            f - +0 pair of boots
Will    +....        (no amulet)
Stlth   +            m - +5 ring of evasion
HPRegen 0.31/turn    (no ring)
MPRegen 0.17/turn

%: no passive effects
@: glowing
A: sense surroundings 2, otherworldly, glowing, explore regen
a: Renounce Religion


You were on level 7 of the Dungeon.
You worshipped Vehumet.
Vehumet was aware of your devotion.
You visited 2 branches of the dungeon, and saw 8 of its levels.

You collected 156 gold pieces.

Inventory:

Hand Weapons
 b - a +0 quarterstaff
 h - a +1 flail (weapon)
Armour
 a - a +0 robe (worn)
 f - a +0 pair of boots (worn)
Jewellery
 m - a +5 ring of evasion (left hand)
Wands
 e - a wand of iceblast (6) (quivered)
Scrolls
 g - 2 scrolls of teleportation
 i - a scroll of torment {unknown}
 k - a scroll of enchant armour {unknown}
 l - 2 scrolls of silence {unknown}
 p - a scroll of identify
 q - a scroll of fog
 r - a scroll of amnesia {unknown}
 t - a scroll of enchant weapon
Potions
 c - a potion of might
 d - a potion of attraction {unknown}
 j - 2 potions of curing
 n - a potion of degeneration {unknown}
 o - a potion of haste {unknown}
 s - a potion of ambrosia {unknown}


   Skills:
 + Level 2.0 Fighting
 + Level 5.5 Maces & Flails
 + Level 0.5(3.1) Staves
 + Level 3.8 Dodging
 - Level 1.4 Stealth
 + Level 6.7 Spellcasting
 + Level 5.5 Conjurations
 + Level 6.9 Fire Magic
 + Level 3.0 Evocations


You had 14 spell levels left.
You knew the following spells:

 Your Spells              Type           Power      Damage    Failure   Level
a - Foxfire               Conj/Fire      100%       2x1d9     1%          1
b - Scorch                Fire           72%        2d8       1%          2
c - Flame Wave            Conj/Fire      33%        2d10      7%          4

Your spell library contained the following spells:

 Spells                   Type           Power      Damage    Failure   Level
 Shock                    Conj/Air       72%        1d7       3%          1
 Inner Flame              Hex/Fire       21%        N/A       7%          3
 Volatile Blastmotes      Fire/Tloc      42%        2d13      7%          3
 Sublimation of Blood     Necr           7%         N/A       14%         2
 Wereblood                Tmut           7%         N/A       14%         2
 Summon Hydra             Summ           3%         N/A       100%        7


Dungeon Overview and Level Annotations

Branches:
Dungeon (7/15) Zot: 1421   Temple (1/1) D:5 Zot: 586

Altars:
Cheibriados
Fedhas
Hepliaklqana
Kikubaaqudgha
Uskayaw
Vehumet
Zin

Annotations:
D:7 Rangus's ghost, novice HuWn; middlethird's ghost, novice FoNe; viagra's ghost, novice MiBe


Innate Abilities, Weirdness & Mutations

You passively map the area around you.
You are easily found by Zot.
You glow in the dark.
You regain HP and MP as you explore.


Message History

Middlethird's ghost is moderately damaged.
The flame wave engulfs viagra's ghost.
Viagra's ghost is lightly damaged.
The flame wave engulfs Menkaure!!
Menkaure is burned terribly!
Menkaure is almost destroyed.
You finish channelling waves of flame.
Middlethird's ghost hits you. Middlethird's ghost freezes you.
Rangus's ghost hits you.
Unknown command.
Casting: Flame Wave (dangerous; 8% risk of failure)
Confirm with . or Enter, or press ? or * to list all spells.
Casting: Flame Wave (dangerous; 8% risk of failure)
Press: ? - help, Dir - look around, f - activate A wave of flame ripples out!
The flame wave engulfs Rangus's ghost.
Rangus's ghost resists.
Rangus's ghost is lightly damaged.
The flame wave engulfs middlethird's ghost.
Middlethird's ghost is heavily damaged. (Press . to intensify the flame waves.) Rangus's ghost misses you.
Middlethird's ghost hits you.
* * * LOW HITPOINT WARNING * * *
Middlethird's ghost freezes you.
* * * LOW HITPOINT WARNING * * *
A wave of flame ripples out!
The flame wave engulfs Rangus's ghost.
Rangus's ghost resists.
Rangus's ghost is lightly damaged.
The flame wave engulfs middlethird's ghost!
Middlethird's ghost is heavily damaged.
The flame wave engulfs Menkaure!
Menkaure is burned terribly!
You destroy Menkaure!
Vehumet accepts your kill. Middlethird's ghost hits you.
* * * LOW HITPOINT WARNING * * *
Middlethird's ghost freezes you.
* * * LOW HITPOINT WARNING * * *
Rangus's ghost hits you.
* * * LOW HITPOINT WARNING * * *
Your Fighting skill increases to level 2!
You feel better.
Middlethird's ghost draws life force from you!!
You die...

* ,* #......?.# , ,
**#.., #.#.#.#..# ,
#...# #.#.#.#..# * *
#...######.#.#.#..# ,
* #........#.#......#*
****
####...####.#.###.##.#
, **,
............#..##.# #*
,,
..................#* ,
, ,
...............W@.# *
###.....####''W### *
#...###♣.......♣ #...#
#⌠.......⌠# #...#
#♣.......♣# ** #...#
#$.....$.$# ** , ##.##
##8....W8## , * * #.#
##?[8?.## * * #
#.########## ,, , ,


You could see Rangus's ghost, middlethird's ghost and viagra's ghost.

Vanquished Creatures
  Sigmund (D:4)
  Menkaure (D:7)
  Duvessa (D:7)
  2 ogres (D:5)
  A black bear (D:5)
  A phantom (D:3)
  A bullfrog (D:7)
  A scorpion (D:5)
  Dowan (D:7)
  A jelly (D:4)
  A gnoll bouda (D:6)
  4 orc priests
  A hound (D:5)
  An iron imp (D:4)
  A sleepcap (D:5)
  3 iguanas
  8 gnolls
  8 adders
  A shadow imp (D:7)
  A white imp (D:5)
  2 ufetubi (D:5)
  A dart slug (D:1)
  14 orcs
  2 bats
  8 endoplasms
  4 giant cockroaches
  3 goblins
  6 hobgoblins
  4 jackals (D:1)
  3 quokkas
  2 ball pythons
  2 frilled lizards
  5 kobolds
  2 rats
98 creatures vanquished.

Vanquished Creatures (others)
  87 foxfires
87 creatures vanquished.

Grand Total: 185 creatures vanquished

Notes
Turn   | Place    | Note
-------+----------+-------------------------------------------
     0 | D:1      | hawla the Meteoran Fire Elementalist began the quest for
                  | the Orb.
     0 | D:1      | Reached XP level 1. HP: 14/14 MP: 5/5
    24 | D:1      | Reached XP level 2. HP: 17/20 MP: 4/6
    76 | D:1      | Learned a level 2 spell: Scorch
   126 | D:1      | Reached XP level 3. HP: 26/26 MP: 4/8
   288 | D:3      | Reached XP level 4. HP: 33/33 MP: 3/10
   297 | D:3      | Learned a level 4 spell: Flame Wave
   338 | D:3      | Noticed a phantom
   345 | D:3      | Killed a phantom
   346 | D:3      | Reached XP level 5. HP: 25/38 MP: 2/11
   459 | D:4      | Reached skill level 1 in Maces & Flails
   459 | D:4      | Reached XP level 6. HP: 43/45 MP: 3/12
   614 | D:4      | Noticed Sigmund
   620 | D:4      | Killed Sigmund
   621 | D:4      | Reached skill level 5 in Fire Magic
   621 | D:4      | Reached XP level 7. HP: 51/51 MP: 7/14
   861 | D:4      | Noticed a +0 dagger
   863 | D:4      | Found a hide-covered altar of Uskayaw.
   864 | D:4      | Noticed a +0 hand axe
  1139 | D:4      | Found a snail-covered altar of Cheibriados.
  1157 | D:4      | Reached skill level 5 in Conjurations
  1297 | D:5      | Entered Level 5 of the Dungeon
  1418 | D:5      | Reached skill level 1 in Evocations
  1422 | D:5      | Reached XP level 8. HP: 58/58 MP: 7/15
  1518 | D:5      | Reached skill level 1 in Fighting
  1596 | D:5      | Found a staircase to the Ecumenical Temple.
  1627 | Temple   | Entered the Ecumenical Temple
  1633 | Temple   | Became a worshipper of Vehumet
  1935 | D:5      | Reached skill level 5 in Maces & Flails
  1935 | D:5      | Reached skill level 5 in Spellcasting
  2636 | D:7      | Noticed Duvessa
  2636 | D:7      | Noticed Dowan
  2638 | D:7      | Killed Dowan
  2639 | D:7      | Gained mutation: You passively map the area around you.
                  | [Meteoran growth]
  2639 | D:7      | Reached XP level 9. HP: 67/67 MP: 13/18
  2639 | D:7      | Killed Duvessa
  2639 | D:7      | Reached * piety under Vehumet
  2639 | D:7      | Offered knowledge of Shock by Vehumet.
  2742 | D:7      | Found a runed translucent gate.
  2742 | D:7      | Found a runed translucent gate.
  2742 | D:7      | Found a runed translucent gate.
  2743 | D:7      | Noticed Rangus's ghost (novice HuWn)
  2743 | D:7      | Noticed viagra's ghost (novice MiBe)
  2744 | D:7      | Noticed middlethird's ghost (novice FoNe)
  2774 | D:7      | Noticed Menkaure
  2779 | D:7      | Killed Menkaure
  2780 | D:7      | Killed from afar by middlethird's ghost

Illustrated notes

Levels and vault maps discovered:
D:1:      ncdulo_halloftheorcs, layout_loops_ring, serial_glass,
          glass_columns_c, glass_columns_b, glass_columns_a, glass_columns_b,
          minmay_misc_feat_doors
D:2:      layout_loops_cross
D:3:      layout_rooms
D:4:      layout_basic, chei_slow_surprise, dancing_weapons_uskayaw,
          uniq_sigmund
D:5:      layout_layer_cave, minmay_temple_entry_hall
D:6:      layout_cave_pools, minmay_tree_intersection
D:7:      layout_loops_cross, gammafunk_ghost_cemetery,
          nicolae_elevator_lobby_asterisk, uniq_duvessa, uniq_pikel,
          uniq_menkaure
Temple:   compressed_dpeg_triangle_lava_temple

Skill      XL: |  1  2  3  4  5  6  7  8  9 |
---------------+----------------------------+-----
Fire Magic     | 4 5 6 |  6.9
Spellcasting   | 3 4 5 6 |  6.7
Conjurations   | 4 5 |  5.5
Maces & Flails | 1 4 5 |  5.5
Dodging        | 3 |  3.8
Evocations     | 3 |  3.0
Fighting       | 1 2 |  2.0
Staves         | |  0.5
Stealth        | |  1.4

Action                     |  1- 3 |  4- 6 |  7- 9 || total
---------------------------+-------+-------+-------++-------
  Melee: Unarmed           |    17 |       |       ||    17
         Quarterstaff      |       |     4 |       ||     4
         Flail             |       |     7 |    60 ||    67
   Cast: Foxfire           |    38 |     6 |    13 ||    57
         Scorch            |     4 |     9 |    26 ||    39
         Flame Wave        |       |     2 |    14 ||    16
  Evoke: Wand              |       |       |     2 ||     2
    Use: Potion            |     1 |     2 |     1 ||     4
         Scroll            |     2 |     3 |     2 ||     7
 Armour: Robe              |     5 |     6 |    18 ||    29
  Dodge: Dodged            |    23 |    15 |    65 ||   103
